 Dungeon Crawl Stone Soup version 0.19.1-1-g22dce08 (webtiles) character file.

252 RKaid the Chopper (level 5, -7/48 HPs)
             Began as a Minotaur Fighter on Jan 16, 2017.
             Mangled by an ogre
             ... wielding a +0 giant spiked club
              (13 damage)
             ... on level 4 of the Dungeon.
             The game lasted 00:03:26 (1732 turns).

RKaid the Chopper (Minotaur Fighter)                Turns: 1732, Time: 00:03:27

Health: -7/48      AC:  5    Str: 20    XL:     5   Next: 89%
Magic:  4/4        EV:  8    Int:  5    God:
Gold:   97         SH:  9    Dex: 11    Spells: 0 memorised, 4 levels left

rFire  . . .     SeeInvis .     a - +0 war axe
rCold  . . .     Gourm    +     n - +0 ring mail (curse)
rNeg   . . .     Faith    .     c - +0 shield
rPois  .         Spirit   .     (helmet restricted)
rElec  .         Reflect  .     (no cloak)
rCorr  .         Harm     .     (no gloves)
MR     .....                    (no boots)
Stlth  +.........               m - amulet of the gourmand {Gourm}
                                (no ring)
                                l - ring of wizardry {Wiz+}

@: no status effects
A: retaliatory headbutt, horns 2
a: no special abilities


You were on level 4 of the Dungeon.
You were completely stuffed.

You visited 1 branch of the dungeon, and saw 4 of its levels.

You collected 97 gold pieces.

Inventory:

Hand Weapons
 a - a +0 war axe (weapon)
Armour
 b - a +0 scale mail
 c - a +0 shield (worn)
 n - a cursed +0 ring mail (worn)
   (You found it on level 1 of the Dungeon)
Jewellery
 l - a ring of wizardry (left hand) {Wiz+}
   (You found it on level 1 of the Dungeon)
 m - an amulet of the gourmand (around neck) {Gourm}
   (You found it on level 1 of the Dungeon)
 t - a cursed ring of protection from fire {unknown}
   (You found it on level 2 of the Dungeon)
Scrolls
 e - a scroll of amnesia {unknown}
 g - 2 scrolls of identify {unknown}
 h - 2 scrolls of enchant armour {unknown}
 i - 3 scrolls of remove curse {unknown}
 o - a scroll of noise {unknown}
 u - a scroll of blinking {unknown}
 w - a scroll of teleportation {unknown}
 x - a scroll of recharging {unknown}
Potions
 d - a potion of cure mutation {unknown}
 j - 5 potions of curing {unknown}
 k - 2 potions of heal wounds {unknown}
 q - 2 potions of haste {unknown}
 s - a potion of brilliance {unknown}
Comestibles
 f - a bread ration
 p - 5 fruits
 r - 11 chunks of flesh
 v - 2 meat rations


   Skills:
 + Level 5.4 Fighting
 * Level 6.3 Axes
 - Level 3.6 Armour
 - Level 3.6 Shields


You had 4 spell levels left.
You didn't know any spells.

Dungeon Overview and Level Annotations

Branches:
Dungeon (4/15)
 Temple: D:4-7

Altars:
Fedhas
Makhleb
Nemelex Xobeh
Yredelemnul

Annotations:
D:3 Siegfriedson's ghost, amateur DECj


Innate Abilities, Weirdness & Mutations

You reflexively headbutt those who attack you in melee.
You have a pair of horns on your head.


Message History

Siegfriedson's ghost hits you but does no damage.
You closely miss Siegfriedson's ghost.
Siegfriedson's ghost screams, "They lied to you.
The Dungeon just goes down and down forever."
Siegfriedson's ghost hits you.
You bump into the rock wall.
Siegfriedson's ghost hits you. Siegfriedson's ghost hits you.
You climb downwards.
You hear the sound of rushing water.
There is an entrance to a sewer on this level.
Hurry and find it before the portal rusts away!
A howler monkey comes into view.
The howler monkey howls!
Found a pair of runed gloves.
Found a stone staircase leading down.
There is a stone staircase leading up here.
You slash the howler monkey! Your headbutt misses the howler monkey.
You feel less confused.
The howler monkey hits you but does no damage.
You hit the howler monkey. The howler monkey hits you.
The howler monkey hits you but does no damage.
You closely miss the howler monkey.
The howler monkey hoots and howls with incredible vigour!
You hear a bark!
You hear a shout! x2
You hit the howler monkey but do no damage.
You block the howler monkey's attack.
The howler monkey hits you but does no damage.
You slash the howler monkey!
You kill the howler monkey!
Your Fighting skill increases to level 5!
Your Axes skill increases to level 5!
You have reached level 5!
You see here a howler monkey corpse.
You butcher the howler monkey corpse.
r - 11 chunks of flesh (gained 2)
A hound comes into view.
The hound pauses to sniff the ground.
There is a stone staircase leading up here.
The hound bites you but does no damage.
Your shield and ring mail prevent you from hitting the hound.
The hound bites you but does no damage. x2
You slash the hound! Your headbutt misses the hound. The hound misses you.
The hound barely misses you. You furiously retaliate!
You headbutt the hound. You hit the hound. Your headbutt misses the hound.
The hound bites you. The hound barely misses you.
You barely miss the hound. You block the hound's attack. The hound bites you.
The hound barely misses you.
An ogre comes into view. It is wielding a giant spiked club.
You miss the hound. Your headbutt misses the hound.
You block the hound's attack. The hound bites you.
You closely miss the hound. You block the hound's attack.
The hound closely misses you. You furiously retaliate!
You headbutt the hound. You hit the hound but do no damage.
The hound closely misses you.
You barely miss the hound. You block the hound's attack.
The hound bites you but does no damage. The hound barely misses you.
Found a burning altar of Makhleb.
Found a stone staircase leading down.
The hound bites you but does no damage. The hound completely misses you.
Found a stone staircase leading up.
The hound completely misses you. You block the hound's attack.
An ogre comes into view. It is wielding a giant club.
You block the hound's attack. The hound bites you but does no damage.
You block the ogre's attack.
There is a stone staircase leading up here.
The hound closely misses you. You furiously retaliate!
You headbutt the hound!
You kill the hound!
You climb upwards.
Level annotation: Siegfriedson's ghost, amateur DECj
There is a stone staircase leading down here.
You block the ogre's attack.
You feel very mighty all of a sudden.
You slash the ogre! The ogre hits you with a giant club.
You closely miss the ogre. You headbutt the ogre! The ogre barely misses you.
You furiously retaliate!
You headbutt the ogre!!
You kill the ogre!
Your Axes skill increases to level 6!
Things that are here:
a giant club; an ogre corpse You butcher the ogre corpse.
r - 12 chunks of flesh (gained 1)
You see here a giant club.
There is a stone staircase leading down here.
d - a viscous puce potion You start resting.
Eating one of 12 chunks of flesh.
You start eating one of the 12 chunks of flesh.
This raw flesh tastes great.
You feel a little less mighty now.
There is a stone staircase leading down here.
You climb downwards.
You hear the sound of rushing water.
There is an entrance to a sewer on this level.
Hurry and find it before the portal rusts away!
You hear the slow rusting of a very distant drain.
You block the ogre's attack.
There is a stone staircase leading up here.
You hit the ogre.
The ogre hits you with a giant spiked club!
You barely miss the ogre.
The ogre hits you with a giant spiked club!!
* * * LOW HITPOINT WARNING * * *
Your shield and ring mail prevent you from hitting the ogre.
The ogre hits you with a giant spiked club!
You die...

.. .$#
#######..?#
#...@.....#
..#####..O.###..#
.....
.$.........#
.....
.####.....##.
...... #.#......#
...... #.......##
....# ##......#..
#...
##.......#.##
#..###...#......#


You could see an ogre.

Vanquished Creatures
  An ogre (D:3)
  A howler monkey (D:4)
  A hound (D:4)
  An adder (D:2)
  2 oozes (D:2)
  4 worms (D:2)
  2 dart slugs
  2 leopard geckos (D:2)
  An orc (D:3)
  A ball python (D:2)
  5 giant cockroaches
  6 goblins
  12 hobgoblins
  9 jackals (D:1)
  8 kobolds
  3 bats
  3 rats
62 creatures vanquished.

Notes
Turn   | Place    | Note
-------+----------+-------------------------------------------
     0 | D:1      | RKaid the Minotaur Fighter began the quest for the Orb.
     0 | D:1      | Reached XP level 1. HP: 19/19 MP: 0/0
    53 | D:1      | Reached skill level 3 in Axes
    76 | D:1      | Reached XP level 2. HP: 27/27 MP: 1/1
   321 | D:1      | Reached XP level 3. HP: 33/33 MP: 2/2
   462 | D:1      | Reached skill level 4 in Axes
   629 | D:1      | Reached skill level 4 in Fighting
  1123 | D:2      | Reached XP level 4. HP: 26/41 MP: 3/3
  1515 | D:3      | Found a basalt altar of Yredelemnul.
  1605 | D:3      | Found a blossoming altar of Fedhas.
  1605 | D:3      | Found a sparkling altar of Nemelex Xobeh.
  1634 | D:3      | Noticed Siegfriedson's ghost (amateur DECj)
  1653 | D:4      | Reached skill level 5 in Fighting
  1653 | D:4      | Reached skill level 5 in Axes
  1653 | D:4      | Reached XP level 5. HP: 31/48 MP: 4/4
  1664 | D:4      | Noticed an ogre
  1668 | D:4      | Found a burning altar of Makhleb.
  1676 | D:4      | Noticed an ogre
  1691 | D:3      | Killed an ogre
  1691 | D:3      | Reached skill level 6 in Axes
  1731 | D:4      | HP: 5/48 [ogre/giant spiked club (20)]
  1732 | D:4      | Mangled by an ogre

Skill      XL: |  1  2  3  4  5 |
---------------+----------------+-----
Axes           | 3 4 5 6 |  6.3
Fighting       | 4 5 |  5.4
Armour         | |  3.6
Shields        | |  3.6

Action                   |  1- 3 |  4- 6 || total
-------------------------+-------+-------++-------
Melee: War axe           |    92 |    60 ||   152
       Headbutt          |    21 |     6 ||    27
  Use: Potion            |       |     1 ||     1
  Eat: Chunk             |    12 |     2 ||    14
Armor: Scale mail        |    20 |       ||    20
       Ring mail         |    12 |    23 ||    35
Dodge: Dodged            |    34 |    17 ||    51
Block: Shield            |    53 |    35 ||    88

Vault maps used:
D:1:      dpeg_arrival_round_b
D:3:      yredelemnul_altar_generic, gammafunk_temple_overflow_wave, first_bread
D:4:      overflow_temple_1_default, portal_sewer_entry_e

Table legend:
 A = Turns spent in this place as a percentage of turns spent in the entire game.
 B = Non-inter-level travel turns spent in this place as a percentage of non-inter-level travel turns spent in the entire game.
 C = Inter-level travel turns spent in this place as a percentage of turns spent in this place.
 D = Turns resting spent in this place as a percentage of non-inter-level travel turns spent in this place.
 E = Turns spent auto-exploring this place as a percentage of non-inter-level travel turns spent in this place.
 F = Non-inter-level travel turns spent in this place divided by the number of levels of this place that you've seen.
                   A       B       C       D       E      F
               +-------+-------+-------+-------+-------+----------------------
         Total | 100.0 | 100.0 |   0.3 |   1.7 |   9.6 | 151.2
       Dungeon | 100.0 | 100.0 |   0.3 |   1.7 |   9.6 | 151.2
               +-------+-------+-------+-------+-------+----------------------

Table legend:
 A = Kills in this place as a percentage of kills in entire the game.
 B = Kills by you in this place as a percentage of kills by you in the entire game.
 C = Kills by friends in this place as a percentage of kills by friends in the entire game.
 D = Other kills in this place as a percentage of other kills in the entire game.
 E = Experience gained in this place as a percentage of experience gained in the entire game.
 F = Experience gained in this place divided by the number of levels of this place that you have seen.
                   A       B       C       D       E      F
               +-------+-------+-------+-------+-------+----------------------
         Total | 100.0 | 100.0 |  -nan |  -nan | 100.0 |  90.2
       Dungeon | 100.0 | 100.0 |  -nan |  -nan | 100.0 |  90.2
               +-------+-------+-------+-------+-------+----------------------
